| TOP OF THE 1ST |
|
Bakersfield Bears batting - Pitching for Stockton Ports : LHP Michael Brecht
|
|
Pitching: LHP Michael Brecht
|
|
|
Batting: RHB Jack Lopez
|
0-0: Called Strike 0-1: Foul Ball, location: 2F 0-2: Ball 1-2: Fly out, F8 (Flyball, 89M, EV 89.4 MPH)
|
|
Batting: RHB Steven Houlberg
|
0-0: Ball 1-0: Swinging Strike 1-1: Ball 2-1: Foul Ball, location: 2F 2-2: Ball 3-2: Fly out, F3 (Line Drive, 3, EV 73.8 MPH)
|
|
Batting: RHB Randy Kutcher
|
0-0: Ball 1-0: Called Strike 1-1: Ball 2-1: Called Strike 2-2: Ball 3-2: Strikes out swinging
|
| Top of the 1st over - 0 runs, 0 hits, 0 errors, 0 left on base; Bakersfield 0 - Stockton 0 |
| BOTTOM OF THE 1ST |
|
Stockton Ports batting - Pitching for Bakersfield Bears : RHP Richard Egan
|
|
Pitching: RHP Richard Egan
|
|
|
Batting: RHB Ramon Valdez
|
0-0: Ball 1-0: Foul Ball, location: 2F 1-1: DOUBLE (Line Drive, 9LS, EV 90.6 MPH)
|
|
Batting: RHB Pasquale Raimondo
|
0-0: Called Strike 0-1: Ball 1-1: Called Strike 1-2: SINGLE (Line Drive, 9S, EV 91.9 MPH) Ramon Valdez to third
|
|
Batting: LHB Christopher O'Brien
|
0-0: Ball 1-0: Swinging Strike 1-1: Ball 2-1: Called Strike 2-2: Strikes out swinging
|
|
Batting: SHB Tracy Edwards
|
0-0: Fly out, F8 (Flyball, 8LM, EV 88.8 MPH) Runner from 3rd tags up, SCORES, no throw by CF
|
|
Batting: RHB Chris Sabo
|
0-0: 2-RUN HOME RUN (Flyball, 7D, EV 92.5 MPH), Distance : 359 ft
|
|
Batting: SHB Jose Mercado
|
0-0: Ball 1-0: Called Strike 1-1: Foul Ball, location: 2F 1-2: Strikes out looking
|
| Bottom of the 1st over - 3 runs, 3 hits, 0 errors, 0 left on base; Bakersfield 0 - Stockton 3 |
| TOP OF THE 2ND |
|
Bakersfield Bears batting - Pitching for Stockton Ports : LHP Michael Brecht
|
|
Batting: RHB Jeff Rudolph
|
0-0: Called Strike 0-1: Called Strike 0-2: Foul Ball, location: 2F 0-2: Foul Ball, location: 2F 0-2: Strikes out swinging
|
|
Batting: RHB Antonio Alicea
|
0-0: Ground out U3 (Groundball, 23, EV 88.8 MPH)
|
|
Batting: RHB Aaron Cain
|
0-0: Ball 1-0: Called Strike 1-1: Called Strike 1-2: Fly out, F7 (Flyball, 78M, EV 90.6 MPH)
|
| Top of the 2nd over - 0 runs, 0 hits, 0 errors, 0 left on base; Bakersfield 0 - Stockton 3 |
| BOTTOM OF THE 2ND |
|
Stockton Ports batting - Pitching for Bakersfield Bears : RHP Richard Egan
|
|
Batting: SHB Mike Hennessy
|
0-0: Ball 1-0: Ball 2-0: Ball 3-0: Base on Balls
|
|
Batting: LHB Daniel Hoskins
|
0-0: Ball 1-0: Called Strike 1-1: Fielders Choice at 2nd, 3-6 (Groundball, 3, EV 104.4 MPH)
|
|
Batting: RHB Timothy Presko
|
0-0: Ball 1-0: Fly out, F8 (Flyball, 78XD, EV 88.8 MPH)
|
|
Batting: RHB Ramon Valdez
|
0-0: 2-RUN HOME RUN (Flyball, 78XD, EV 103.1 MPH), Distance : 399 ft
|
|
Batting: RHB Pasquale Raimondo
|
0-0: Called Strike 0-1: Ground out 6-3 (Groundball, 6, EV 78.8 MPH)
|
| Bottom of the 2nd over - 2 runs, 1 hit, 0 errors, 0 left on base; Bakersfield 0 - Stockton 5 |
| TOP OF THE 3RD |
|
Bakersfield Bears batting - Pitching for Stockton Ports : LHP Michael Brecht
|
|
Batting: RHB Gus Malespin
|
0-0: Ball 1-0: Ground out 6-3 (Groundball, 6, EV 78.8 MPH)
|
|
Batting: LHB John Shoemaker
|
0-0: Ball 1-0: Fly out, F9 (Flyball, 9, EV 88.1 MPH)
|
|
Batting: RHB Jeffrey Coker
|
0-0: Called Strike 0-1: Ball 1-1: Called Strike 1-2: Foul Ball, location: 2F 1-2: Foul Ball, location: 2F 1-2: Strikes out looking
|
| Top of the 3rd over - 0 runs, 0 hits, 0 errors, 0 left on base; Bakersfield 0 - Stockton 5 |
| BOTTOM OF THE 3RD |
|
Stockton Ports batting - Pitching for Bakersfield Bears : RHP Richard Egan
|
|
Batting: LHB Christopher O'Brien
|
0-0: Ball 1-0: Foul Ball, location: 2F 1-1: Ball 2-1: Foul Ball, location: 2F 2-2: DOUBLE (Line Drive, 7LS, EV 110.6 MPH)
|
|
Batting: SHB Tracy Edwards
|
0-0: Ball 1-0: Called Strike 1-1: Swinging Strike 1-2: Ball 2-2: Ball 3-2: Foul Ball, location: 2F 3-2: Foul Ball, location: 2F 3-2: Base on Balls
|
|
Batting: RHB Chris Sabo
|
0-0: Ball 1-0: Fly out, F8 (Flyball, 8LXD, EV 109.4 MPH) Runner from 2nd tags up, SAFE at 3rd, no throw by CF
|
|
Batting: SHB Jose Mercado
|
0-0: Ground out 4-3 (Groundball, 13, EV 83.8 MPH) Christopher O'Brien scores Tracy Edwards to second
|
|
Batting: SHB Mike Hennessy
|
0-0: Swinging Strike 0-1: Ball 1-1: Ball 2-1: Ball 3-1: Called Strike 3-2: Strikes out looking
|
| Bottom of the 3rd over - 1 run, 1 hit, 0 errors, 1 left on base; Bakersfield 0 - Stockton 6 |
| TOP OF THE 4TH |
|
Bakersfield Bears batting - Pitching for Stockton Ports : LHP Michael Brecht
|
|
Batting: RHB Jack Lopez
|
0-0: Ground out 6-3 (Groundball, 6, EV 80.6 MPH)
|
|
Batting: RHB Steven Houlberg
|
0-0: Ball 1-0: Called Strike 1-1: Ball 2-1: Foul Ball, location: 2F 2-2: Ground out 6-3 (Groundball, 56, EV 101.3 MPH)
|
|
Batting: RHB Randy Kutcher
|
0-0: Fly out, F3 (Popup, 23F, EV 86.9 MPH)
|
| Top of the 4th over - 0 runs, 0 hits, 0 errors, 0 left on base; Bakersfield 0 - Stockton 6 |
| BOTTOM OF THE 4TH |
|
Stockton Ports batting - Pitching for Bakersfield Bears : RHP Richard Egan
|
|
Batting: LHB Daniel Hoskins
|
0-0: Foul Ball, location: 2F 0-1: Ground out U3 (Groundball, 34S, EV 86.3 MPH)
|
|
Batting: RHB Timothy Presko
|
0-0: Foul Ball, location: 2F 0-1: SINGLE (Groundball, 56D, EV 101.3 MPH)
|
|
Pitching: LHP Frank Miloszewski
|
|
|
Batting: RHB Ramon Valdez
|
0-0: Foul Ball, location: 2F 0-1: Called Strike 0-2: Strikes out swinging
|
|
Batting: RHB Pasquale Raimondo
|
0-0: Ball 1-0: Called Strike 1-1: Foul Ball, location: 2F 1-2: Ball 2-2: Foul Ball, location: 2F 2-2: Ball 3-2: Base on Balls Timothy Presko to second
|
|
Batting: LHB Christopher O'Brien
|
0-0: Ball 1-0: Foul Ball, location: 2F 1-1: Swinging Strike 1-2: Foul Ball, location: 2F 1-2: Fly out, F9 (Line Drive, 9, EV 95.0 MPH)
|
| Bottom of the 4th over - 0 runs, 1 hit, 0 errors, 2 left on base; Bakersfield 0 - Stockton 6 |
| TOP OF THE 5TH |
|
Bakersfield Bears batting - Pitching for Stockton Ports : LHP Michael Brecht
|
|
Batting: RHB Jeff Rudolph
|
0-0: Foul Ball, location: 2F 0-1: Foul Ball, location: 2F 0-2: Ball 1-2: Fly out, F9 (Flyball, 89M, EV 92.5 MPH)
|
|
Batting: RHB Antonio Alicea
|
0-0: Ball 1-0: Called Strike 1-1: Reached via error on a dropped throw from 1B, E1 (Groundball, 34, EV 90.6 MPH)
|
|
Batting: RHB Aaron Cain
|
0-0: Ball 1-0: SINGLE (Groundball, 4M, EV 104.4 MPH) (infield hit) Antonio Alicea to second
|
|
Batting: RHB Gus Malespin
|
0-0: Called Strike 0-1: Swinging Strike 0-2: Ball 1-2: Strikes out swinging
|
|
Batting: LHB John Shoemaker
|
0-0: Ball 1-0: Ball 2-0: Swinging Strike 2-1: Foul Ball, location: 2F 2-2: Strikes out swinging
|
| Top of the 5th over - 0 runs, 1 hit, 1 error, 2 left on base; Bakersfield 0 - Stockton 6 |
| BOTTOM OF THE 5TH |
|
Stockton Ports batting - Pitching for Bakersfield Bears : LHP Frank Miloszewski
|
|
Batting: SHB Tracy Edwards
|
0-0: Called Strike 0-1: Swinging Strike 0-2: Foul Ball, location: 2F 0-2: Strikes out swinging
|
|
Batting: RHB Chris Sabo
|
0-0: Ball 1-0: Ball 2-0: Ball 3-0: Called Strike 3-1: Fly out, F7 (Flyball, 78XD, EV 94.4 MPH)
|
|
Batting: SHB Jose Mercado
|
0-0: Called Strike 0-1: Ball 1-1: Swinging Strike 1-2: Strikes out swinging
|
| Bottom of the 5th over - 0 runs, 0 hits, 0 errors, 0 left on base; Bakersfield 0 - Stockton 6 |
| TOP OF THE 6TH |
|
Bakersfield Bears batting - Pitching for Stockton Ports : LHP Michael Brecht
|
|
Batting: RHB Jeffrey Coker
|
0-0: Ball 1-0: Called Strike 1-1: Swinging Strike 1-2: Strikes out swinging
|
|
Batting: RHB Jack Lopez
|
0-0: Foul Ball, location: 2F 0-1: Called Strike 0-2: Ball 1-2: Foul Ball, location: 2F 1-2: Strikes out swinging
|
|
Batting: RHB Steven Houlberg
|
0-0: Ball 1-0: Swinging Strike 1-1: Foul Ball, location: 2F 1-2: Ball 2-2: Strikes out swinging
|
| Top of the 6th over - 0 runs, 0 hits, 0 errors, 0 left on base; Bakersfield 0 - Stockton 6 |
| BOTTOM OF THE 6TH |
|
Stockton Ports batting - Pitching for Bakersfield Bears : LHP Frank Miloszewski
|
|
Batting: SHB Mike Hennessy
|
0-0: Ball 1-0: Swinging Strike 1-1: Foul Ball, location: 2F 1-2: Ball 2-2: Ball 3-2: Ground out 4-3 (Groundball, 4, EV 86.9 MPH)
|
|
Batting: LHB Daniel Hoskins
|
0-0: SINGLE (Line Drive, 7S, EV 91.9 MPH)
|
|
Batting: RHB Timothy Presko
|
0-0: Ball Wild Pitch! Daniel Hoskins to second 1-0: Ground out 1-3 (Groundball, 13, EV 70.0 MPH) Daniel Hoskins to third
|
|
Batting: RHB Ramon Valdez
|
0-0: Ball 1-0: Foul Ball, location: 2F 1-1: Ball 2-1: Ball 3-1: Base on Balls
|
|
Batting: RHB Pasquale Raimondo
|
0-0: Called Strike 0-1: Swinging Strike 0-2: Ball 1-2: Foul Ball, location: 2F 1-2: Ball 2-2: Strikes out swinging
|
| Bottom of the 6th over - 0 runs, 1 hit, 0 errors, 2 left on base; Bakersfield 0 - Stockton 6 |
| TOP OF THE 7TH |
|
Bakersfield Bears batting - Pitching for Stockton Ports : LHP Michael Brecht
|
|
Batting: RHB Randy Kutcher
|
0-0: Foul Ball, location: 2F 0-1: Ball 1-1: Called Strike 1-2: Foul Ball, location: 2F 1-2: Foul Ball, location: 2F 1-2: Ball 2-2: Ball 3-2: Ground out 5-3 (Groundball, 56, EV 110.0 MPH)
|
|
Batting: RHB Jeff Rudolph
|
0-0: Fly out, F8 (Flyball, 8LD, EV 74.4 MPH)
|
|
Batting: RHB Antonio Alicea
|
0-0: Ball 1-0: Foul Ball, location: 2F 1-1: Ball 2-1: Ball 3-1: Called Strike 3-2: Foul Ball, location: 2F 3-2: Foul Ball, location: 2F 3-2: Base on Balls
|
|
Batting: RHB Aaron Cain
|
0-0: Ball 1-0: Foul Ball, location: 2F 1-1: SINGLE (Groundball, 56D, EV 103.1 MPH) Antonio Alicea to second
|
|
Batting: RHB Gus Malespin
|
0-0: Ball 1-0: Foul Ball, location: 2F 1-1: Called Strike 1-2: Fly out, F8 (Flyball, 8LS, EV 90.6 MPH)
|
| Top of the 7th over - 0 runs, 1 hit, 0 errors, 2 left on base; Bakersfield 0 - Stockton 6 |
| BOTTOM OF THE 7TH |
|
Stockton Ports batting - Pitching for Bakersfield Bears : LHP Frank Miloszewski
|
|
Batting: LHB Christopher O'Brien
|
0-0: Ball 1-0: Ball 2-0: Ball 3-0: Fly out, F9 (Flyball, 9D, EV 86.9 MPH)
|
|
Batting: SHB Tracy Edwards
|
0-0: Ball 1-0: Ground out 5-3 (Groundball, 5, EV 90.6 MPH)
|
|
Batting: RHB Chris Sabo
|
0-0: Ball 1-0: Ball 2-0: SOLO HOME RUN (Flyball, 7D, EV 97.5 MPH), Distance : 387 ft
|
|
Batting: SHB Jose Mercado
|
0-0: Called Strike 0-1: Ground out 1-3 (Groundball, 13S, EV 75.6 MPH)
|
| Bottom of the 7th over - 1 run, 1 hit, 0 errors, 0 left on base; Bakersfield 0 - Stockton 7 |
| TOP OF THE 8TH |
|
Bakersfield Bears batting - Pitching for Stockton Ports : LHP Michael Brecht
|
|
Batting: LHB John Shoemaker
|
0-0: Foul Ball, location: 2F 0-1: Swinging Strike 0-2: Ball 1-2: SINGLE (Groundball, 6D, EV 95.0 MPH)
|
|
Batting: RHB Jeffrey Coker
|
0-0: Called Strike 0-1: Ball 1-1: Fly out, F8 (Flyball, 78M, EV 91.3 MPH)
|
|
Batting: RHB Jack Lopez
|
0-0: Ball 1-0: Foul Ball, location: 2F 1-1: Ball 2-1: Ball 3-1: Fly out, F7 (Flyball, 78M, EV 80.0 MPH)
|
|
Batting: RHB Steven Houlberg
|
0-0: Ball 1-0: Called Strike 1-1: Swinging Strike 1-2: Ball 2-2: Strikes out swinging
|
| Top of the 8th over - 0 runs, 1 hit, 0 errors, 1 left on base; Bakersfield 0 - Stockton 7 |
| BOTTOM OF THE 8TH |
|
Stockton Ports batting - Pitching for Bakersfield Bears : LHP Frank Miloszewski
|
|
Batting: SHB Mike Hennessy
|
0-0: Ground out 6-3 (Groundball, 6, EV 83.8 MPH)
|
|
Batting: LHB Daniel Hoskins
|
0-0: Ball 1-0: Ball 2-0: Ball 3-0: Called Strike 3-1: Foul Ball, location: 2F 3-2: Foul Ball, location: 2F 3-2: Foul Ball, location: 2F 3-2: Base on Balls
|
|
Pitching: LHP Richard Cope
|
|
|
Batting: RHB Timothy Presko
|
0-0: Foul Ball, location: 2F 0-1: Called Strike 0-2: Ball Daniel Hoskins steals 2nd base 1-2: Strikes out swinging
|
|
Batting: RHB Ramon Valdez
|
0-0: Called Strike 0-1: Ground out 5-3 (Groundball, 56, EV 103.1 MPH)
|
| Bottom of the 8th over - 0 runs, 0 hits, 0 errors, 1 left on base; Bakersfield 0 - Stockton 7 |
| TOP OF THE 9TH |
|
Bakersfield Bears batting - Pitching for Stockton Ports : LHP Michael Brecht
|
|
Batting: RHB Randy Kutcher
|
0-0: Ball 1-0: Called Strike 1-1: Fly out, F8 (Flyball, 8RD, EV 95.0 MPH)
|
|
Batting: RHB Jeff Rudolph
|
0-0: Ball 1-0: Ball 2-0: Ball 3-0: Called Strike 3-1: Called Strike 3-2: Base on Balls
|
|
Batting: RHB Antonio Alicea
|
0-0: DOUBLE (Line Drive, 7LS, EV 106.3 MPH) Jeff Rudolph to third
|
|
Batting: RHB Aaron Cain
|
0-0: Swinging Strike 0-1: Swinging Strike 0-2: Foul Ball, location: 2F 0-2: Foul Ball, location: 2F 0-2: Ball 1-2: Ground out U3 (Groundball, 3L, EV 82.5 MPH)
|
|
Batting: RHB Gus Malespin
|
0-0: Called Strike 0-1: Ground out 6-3 (Groundball, 6M, EV 83.8 MPH)
|
| Top of the 9th over - 0 runs, 1 hit, 0 errors, 2 left on base; Bakersfield 0 - Stockton 7 |
|